 Dungeon Crawl Stone Soup version 0.24-a0-355-gbe4061de67 (webtiles) character file.

Game seed: 12972232975998672650

7232 Borgoz the Carver (level 11, -3/91 HPs)
             Began as a Ghoul Monk on May 24, 2019.
             Was a Priest of Ashenzari.
             Splashed by an orc warrior's acid (15 damage)
             ... on level 9 of the Dungeon.
             The game lasted 00:20:08 (8695 turns).

Borgoz the Carver (Ghoul Monk)                      Turns: 8695, Time: 00:20:09

Health: -3/91      AC: 10    Str: 19    XL:     11   Next: 12%
Magic:  0/11       EV: 12    Int:  5    God:    Ashenzari [***...]
Gold:   436        SH:  0    Dex: 11    Spells: 10/10 levels left

rFire    . . .     SeeInvis +   a - +2 scimitar (slice)
rCold    + + .     Gourm    .   (no shield)
rNeg     + + +     Faith    .   y - +0 chain mail {rC+}
rPois    ∞         Spirit   +   s - +1 helmet (curse)
rElec    .         Reflect  .   D - scarf {Spirit}
rCorr    .         Harm     .   n - +0 pair of gloves
MR       .....                  (no boots)
Stlth    ..........             (no amulet)
HPRegen  0.00/turn              i - +1 ring of evasion
MPRegen  0.12/turn              (no ring)

@: marked, corroded, rotting
A: rotting body, claws 1, carnivore, cold resistance 1, negative energy
resistance 3, inhibited regeneration, torment resistance, unbreathing
a: Curse Item, Scrying, Renounce Religion


You were on level 9 of the Dungeon.
You worshipped Ashenzari.
Ashenzari was most pleased with you.
You were not hungry.

You visited 2 branches of the dungeon, and saw 10 of its levels.
You also visited: Ossuary.

You collected 436 gold pieces.

Inventory:

Hand Weapons
 a - a +2 scimitar of slicing (weapon)
 b - a +1 dagger of venom
 G - a +3 falchion of freezing
Armour
 n - a +0 pair of gloves (worn)
 o - a scarf of cloud immunity
 s - a cursed +1 helmet (worn)
 u - a scarf of resistance
 y - a +0 chain mail of cold resistance (worn)
 D - a scarf of spirit shield (worn)
Jewellery
 i - a +1 ring of evasion (left hand)
 E - an uncursed ring of fire
 F - an uncursed ring of protection from fire
Wands
 B - a wand of polymorph (7)
Scrolls
 d - 3 scrolls of teleportation
 f - a scroll of blinking
 g - a scroll of remove curse
 p - a scroll of identify
 w - a scroll of amnesia
 C - a scroll of magic mapping
Potions
 e - 7 potions of curing
 h - 2 potions of cancellation {unknown}
 j - a potion of ambrosia {unknown}
 k - a potion of brilliance
 l - 2 potions of resistance {unknown}
 m - 3 potions of might
 q - a potion of berserk rage {unknown}
 r - 3 potions of heal wounds
 t - 2 potions of lignification {unknown}
 v - a potion of degeneration {unknown}
 z - a potion of mutation {unknown}
 H - a potion of agility
Comestibles
 c - 19 rations
 I - 13 chunks of flesh


   Skills:
 + Level 6.9 Fighting
 * Level 9.0 Long Blades
 * Level 8.5 Armour
 * Level 8.4 Dodging
 - Level 2.1 Stealth
 - Level 2.1 Evocations


You had 10 spell levels left.
You didn't know any spells.
Your spell library was empty.

Dungeon Overview and Level Annotations

Branches:
Dungeon (9/15)             Temple (1/1) D:4            Lair (0/6) D:8
    Orc: D:9-12

Altars:
Ashenzari
Cheibriados
Dithmenos
Elyvilon
Fedhas
Gozag
Hepliaklqana
Kikubaaqudgha
Makhleb
Nemelex Xobeh
Okawaru
Qazlal
Ru
Sif Muna
Trog
Uskayaw
Vehumet
Wu Jian
Xom
Yredelemnul
Zin
The Shining One

Shops:
D:4 *   D:6 %   D:7 }

Annotations:
D:7 3 runed translucent doors, Borbor's ghost, novice MiBe
D:9 Erica


Innate Abilities, Weirdness & Mutations

Your body is rotting away.
You thrive on raw meat.
You are immune to poison.
You have sharp fingernails.
You are carnivorous and can eat meat at any time.
Your flesh is cold resistant. (rC+)
You are immune to negative energy. (rN+++)
You do not regenerate when monsters are visible.
You are immune to unholy pain and torment.
You can survive without breathing.


Message History

The orc wizard hits you but does no damage.
The orc warrior zaps a wand.
The bolt of acid hits the orc wizard!!
The orc wizard is splashed with acid!
The orc wizard dies!
The bolt of acid hits you!! The acid corrodes you!
You are splashed with acid!
Items here: )) [[ a +0 dagger; a +0 robe; a +0 hand axe; a +0 chain mail You closely miss the orc warrior.
The orc warrior hits you with a +0 dire flail!!
You are too injured to fight recklessly!
You are too injured to fight recklessly!
You are too injured to fight recklessly!
You are too injured to fight recklessly!
Evoke which item? (* to show all) (? for menu, Esc to quit)
Okay, then.
There is a stone staircase leading up here.
The orc warrior zaps a wand.
The bolt of acid hits you!!
* * * LOW HITPOINT WARNING * * *
You are splashed with acid!
You die...

##.)....##
##.<......##
#..[.......#
#..........#
#..........#
#..........#
#..........#
####.........##
........@.....# *
* ..###...o......#
* ...#..........#
, ,
..............# ,
, ,,
,..............#
,,,.............##
, ............##
..........### ,
.....######


You could see an orc warrior.

Vanquished Creatures
  3 two-headed ogres
  Grinder (D:5)
  2 hornets (D:8)
  Sigmund (D:2)
  A hungry ghost (D:7)
  Menkaure (D:4)
  2 soldier ants (D:8)
  4 porcupines
  A water moccasin (D:6)
  2 orc warriors
  3 ice beasts
  5 black bears
  A phantom (D:5)
  3 ogres
  3 centaurs
  A big kobold (D:8)
  A gnoll sergeant (D:8)
  3 elf zombies (Ossuary)
  2 bullfrogs
  A water moccasin skeleton (D:8)
  2 scorpions
  5 killer bees (D:8)
  3 howler monkeys
  3 crimson imps
  A quasit (D:6)
  4 hounds
  3 orc priests
  2 human zombies (Ossuary)
  2 bullfrog skeletons (D:8)
  Crazy Yiuf (D:2)
  6 orc wizards
  Natasha (twice) (D:4)
  3 worker ants
  2 big kobold zombies (Ossuary)
  2 hound zombies (Ossuary)
  3 mummies (Ossuary)
  Robin (D:1)
  9 adders
  4 gnolls
  4 shadow imps
  4 adder zombies (Ossuary)
  A worm (D:8)
  An adder skeleton (D:8)
  A dart slug (D:2)
  3 leopard geckos
  35 orcs
  A ball python (D:8)
  5 bats
  5 giant cockroaches
  18 goblins
  10 hobgoblins
  7 jackals
  6 kobolds
  4 frilled lizards (D:2)
  2 gnoll zombies
  2 goblin zombies (Ossuary)
  9 hobgoblin zombies (Ossuary)
  A jackal skeleton (D:6)
  2 jackal zombies (Ossuary)
  2 kobold zombies (Ossuary)
  A leopard gecko zombie (D:5)
  3 quokka zombies (Ossuary)
  5 rats
  4 rat zombies (Ossuary)
  A fungus (D:8)
236 creatures vanquished.

Vanquished Creatures (others)
  An orc wizard (D:9)
  An orc (D:7)
  23 fungi (D:8)
  4 plants (D:8)
29 creatures vanquished.

Grand Total: 265 creatures vanquished

Notes
Turn   | Place    | Note
-------+----------+-------------------------------------------
     0 | D:1      | Borgoz the Ghoul Monk began the quest for the Orb.
     0 | D:1      | Reached XP level 1. HP: 19/19 MP: 0/0
   432 | D:1      | Reached XP level 2. HP: 25/26 MP: 1/1
   813 | D:1      | Reached skill level 3 in Long Blades
   909 | D:1      | Reached skill level 1 in Armour
   950 | D:2      | Noticed Robin
  1319 | D:1      | Reached XP level 3. HP: 24/30 MP: 2/2
  1458 | D:1      | Killed Robin
  1718 | D:2      | Reached XP level 4. HP: 38/38 MP: 3/3
  1734 | D:2      | Noticed Sigmund
  1762 | D:2      | Killed Sigmund
  1762 | D:2      | Reached skill level 4 in Long Blades
  1762 | D:2      | Reached XP level 5. HP: 27/45 MP: 4/4
  1842 | D:2      | Reached XP level 6. HP: 39/51 MP: 5/5
  2052 | D:2      | Found a runed translucent door.
  2053 | D:2      | Noticed Crazy Yiuf
  2248 | D:2      | Found an iron altar of Okawaru.
  2592 | D:2      | Killed Crazy Yiuf
  3223 | D:4      | Noticed Menkaure
  3226 | D:4      | Killed Menkaure
  3226 | D:4      | Reached XP level 7. HP: 51/57 MP: 6/6
  3231 | D:4      | Found Otirropn's Assorted Antiques.
  3527 | D:4      | Reached skill level 5 in Long Blades
  3675 | D:4      | Noticed Natasha
  3691 | D:4      | Killed Natasha
  3770 | D:4      | Found a staircase to the Ecumenical Temple.
  3777 | Temple   | Entered the Ecumenical Temple
  3816 | Temple   | Became a worshipper of Ashenzari the Shackled
  3816 | Temple   | Reached * piety under Ashenzari
  3816 | Temple   | Reached ** piety under Ashenzari
  4127 | D:4      | Noticed Natasha
  4137 | D:4      | Killed Natasha
  4197 | D:5      | Entered Level 5 of the Dungeon
  4231 | D:5      | Found a blossoming altar of Fedhas.
  4329 | D:6      | Found a sand-covered staircase.
  4340 | Ossuary  | Entered an ossuary
  4397 | Ossuary  | Reached XP level 8. HP: 42/63 MP: 7/7
  4595 | Ossuary  | Reached skill level 5 in Armour
  4787 | Ossuary  | Reached skill level 6 in Long Blades
  4787 | Ossuary  | Reached skill level 5 in Dodging
  4843 | D:6      | Found a radiant altar of Vehumet.
  5237 | D:5      | Noticed Grinder
  5257 | D:5      | Paralysed by Grinder for 4 turns
  5263 | D:5      | Killed Grinder
  5263 | D:5      | Reached XP level 9. HP: 39/72 MP: 8/8
  5990 | D:6      | Found a basalt altar of Yredelemnul.
  5990 | D:6      | Found a hazy altar of Hepliaklqana.
  6086 | D:6      | Found Omoezime's Food Shop.
  6165 | D:6      | Reached skill level 7 in Long Blades
  6454 | D:7      | Reached skill level 5 in Fighting
  6671 | D:7      | Found a runed translucent gate.
  6671 | D:7      | Found a runed translucent gate.
  6671 | D:7      | Found a runed translucent gate.
  6672 | D:7      | Noticed a kobold demonologist
  6672 | D:7      | Identified the +11 whip of Experimentation {venom, rF+}
  6672 | D:7      | Noticed Borbor's ghost (novice MiBe)
  6719 | D:7      | Found a burning altar of Makhleb.
  6726 | D:7      | Noticed a blizzard demon
  6738 | D:7      | Reached *** piety under Ashenzari
  6982 | D:7      | Found Beshraups's Gadget Shoppe.
  7439 | D:8      | Noticed a two-headed ogre
  7470 | D:8      | Found a blossoming altar of Fedhas.
  7734 | D:8      | Noticed a two-headed ogre
  7772 | D:7      | Reached XP level 10. HP: 51/82 MP: 4/9
  7815 | D:8      | Reached skill level 1 in Evocations
  7868 | D:9      | Noticed a two-headed ogre
  7873 | D:9      | Noticed Erica
  7874 | D:9      | Killed a two-headed ogre
  7874 | D:9      | Reached skill level 8 in Long Blades
  7898 | D:8      | Killed a two-headed ogre
  7909 | D:8      | Found a staircase to the Lair.
  8003 | D:8      | Killed a two-headed ogre
  8113 | D:8      | Found a shimmering altar of Xom.
  8176 | D:8      | Reached XP level 11. HP: 53/91 MP: 5/11
  8524 | D:8      | Reached skill level 9 in Long Blades
  8695 | D:9      | Splashed by an orc warrior's acid

Levels and vault maps discovered:
D:1:      ncdulo_lavacross, layout_loops_corners, serial_park_tiny_2,
          dk_noncrumbling_4
D:2:      layout_loops_ring, okawaru_gym_becter, uniq_robin, uniq_sigmund,
          uniq_crazy_yiuf_cottage
D:3:      layout_rooms
D:4:      layout_loops_ring, minmay_temple_entry_tees, serial_shops,
          kennysheep_mini_moat, uniq_menkaure, uniq_natasha
D:5:      layout_loops_corners, first_ration, fedhas_altar_2, uniq_grinder
D:6:      layout_basic, gammafunk_temple_overflow_statue, basic_altar,
          enter_ossuary_3, kennysheep_small_circle
D:7:      layout_rooms, makhleb_altar_promises_db,
          gammafunk_ghost_nasty_kobolds, serial_shops, shop_statue
D:8:      layout_rooms, marbit_many_paths, overflow_temple_1_default,
          due_lair_maze_entry_diamond, hangedman_pestilent_swarm
D:9:      layout_rooms, kennysheep_orc_monster_closet_entryway, serial_shops,
          shop_statue, kennysheep_mini, uniq_erica
Temple:   eino_temple_scatter_basement

Skill      XL: |  1  2  3  4  5  6  7  8  9 10 11 |
---------------+----------------------------------+-----
Long Blades    | 3 4 5 6 7 8 9 |  9.0
Armour         | 1 3 4 5 7 8 |  8.5
Dodging        | 3 4 5 6 8 |  8.4
Fighting       | 4 5 6 |  6.9
Evocations     | 2 |  2.1
Stealth        | |  2.1

Action                   |  1- 3 |  4- 6 |  7- 9 | 10-12 || total
-------------------------+-------+-------+-------+-------++-------
Melee: Falchion          |   107 |    28 |   473 |       ||   608
       Dagger            |       |   114 |    93 |       ||   207
       Scimitar          |       |       |    33 |   129 ||   162
Throw: Throwing net      |       |     1 |     1 |       ||     2
Invok: Curse Item        |       |       |     4 |       ||     4
Evoke: Wand              |       |     1 |     3 |    14 ||    18
  Use: Scroll            |     6 |     3 |     5 |     4 ||    18
       Potion            |     1 |     3 |     1 |       ||     5
 Stab: Sleeping          |     3 |     1 |       |       ||     4
       Held in net/web   |       |       |     2 |       ||     2
  Eat: Chunk             |     5 |    11 |    14 |    13 ||    43
       Ration            |       |       |     1 |       ||     1
Armor: Robe              |     2 |       |       |       ||     2
       Ring mail         |    33 |    43 |     9 |       ||    85
       Scale mail        |       |       |   184 |       ||   184
       Chain mail        |       |       |    25 |    92 ||   117
Dodge: Dodged            |    57 |   109 |   357 |   131 ||   654
       Rpst.: Falchion   |    20 |     5 |    73 |       ||    98
       Scimitar          |       |       |     3 |    33 ||    36

Table legend:
 A = Non-vault XP
 B = Vault XP
 C = Vault XP percentage of total XP
 D = Non-vault monster count
 E = Vault monster count
 F = Vault count percentage of total count
                 A         B        C        D         E       F
            +---------+---------+-------+---------+---------+-------
      Total |    6887 |    3445 |  33.3 |     158 |      78 |  33.1
            +---------+---------+-------+---------+---------+-------
        D:1 |      24 |      36 |  60.0 |      14 |      12 |  46.2
        D:2 |     110 |     262 |  70.4 |      25 |       3 |  10.7
        D:3 |      44 |       0 |   0.0 |      12 |       0 |   0.0
        D:4 |     319 |     205 |  39.1 |      14 |       2 |  12.5
        D:5 |     343 |     272 |  44.2 |      11 |       1 |   8.3
        D:6 |    1117 |     100 |   8.2 |      32 |       4 |  11.1
        D:7 |    1040 |     359 |  25.7 |      22 |       3 |  12.0
        D:8 |    2919 |    1658 |  36.2 |      23 |      14 |  37.8
        D:9 |     971 |       0 |   0.0 |       5 |       0 |   0.0
    Ossuary |       0 |     553 | 100.0 |       0 |      39 | 100.0
            +---------+---------+-------+---------+---------+-------
